 Dungeon Crawl Stone Soup version 0.24-a0-507-g3e8b242632 (webtiles) character file.

Game seed: 15696235496204865828

103 Ablot the Charmwright (level 4, -3/38 HPs)
             Began as a Gnoll Skald on July 19, 2019.
             Slain by Sigmund
             ... wielding a +0 scythe
              (13 damage)
             ... on level 3 of the Dungeon.
             The game lasted 00:03:12 (2114 turns).

Ablot the Charmwright (Gnoll Skald)                 Turns: 2114, Time: 00:03:12

Health: -3/38      AC:  3    Str: 15    XL:     4   Next: 79%
Magic:  1/11       EV: 14    Int: 15    God:
Gold:   208        SH:  0    Dex: 14    Spells: 2/13 levels left

rFire    . . .     SeeInvis .   a - +0 spear
rCold    . . .     Gourm    .   (no shield)
rNeg     . . .     Faith    .   b - +0 leather armour
rPois    .         Spirit   .   (no helmet)
rElec    .         Reflect  .   (no cloak)
rCorr    .         Harm     .   (no gloves)
MR       .....                  (no boots)
Stlth    ++........             (no amulet)
HPRegen  0.12/turn              (no ring)
MPRegen  0.12/turn              (no ring)

@: infused, very slightly contaminated
A: distributed training, fangs 1, strong nose
a: no special abilities


You were on level 3 of the Dungeon.
You were hungry.

You visited 1 branch of the dungeon, and saw 3 of its levels.

You collected 208 gold pieces.

Inventory:

Hand Weapons
 a - a +0 spear (weapon)
Missiles
 c - 2 curare-tipped darts (quivered)
 f - 79 stones
 l - 41 arrows
Armour
 b - a +0 leather armour (worn)
Wands
 t - a wand of flame (12)
Scrolls
 e - 5 scrolls of teleportation
 i - a scroll of fear {unknown}
 j - a scroll of random uselessness {unknown}
 k - a scroll of amnesia {unknown}
 n - 6 scrolls of identify {unknown}
 o - 2 scrolls of remove curse {unknown}
Potions
 g - a potion of haste {unknown}
 m - 3 potions of lignification {unknown}
 p - 2 potions of heal wounds {unknown}
 q - 2 potions of curing {unknown}
 r - a potion of brilliance {unknown}
 s - 2 potions of invisibility {unknown}
 u - a potion of flight {unknown}
Comestibles
 d - 7 rations
 h - 6 chunks of flesh


   Skills:
 + Level 4.7 Fighting
 + Level 1.2 Short Blades
 + Level 1.2 Long Blades
 + Level 1.2 Axes
 + Level 1.2 Maces & Flails
 + Level 4.7 Polearms
 + Level 1.2 Staves
 + Level 1.2 Slings
 + Level 1.2 Bows
 + Level 1.2 Crossbows
 + Level 1.2 Throwing
 + Level 2.8 Armour
 + Level 4.7 Dodging
 + Level 1.2 Stealth
 + Level 1.2 Shields
 + Level 1.2 Unarmed Combat
 + Level 5.1 Spellcasting
 + Level 1.0 Conjurations
 + Level 1.0 Hexes
 + Level 5.5 Charms
 + Level 1.0 Summonings
 + Level 1.0 Necromancy
 + Level 1.0 Translocations
 + Level 1.0 Transmutations
 + Level 1.0 Fire Magic
 + Level 1.0 Ice Magic
 + Level 1.0 Air Magic
 + Level 1.0 Earth Magic
 + Level 1.0 Poison Magic
 + Level 1.3 Invocations
 + Level 1.2 Evocations


You had 2 spell levels left.
You knew the following spells:

 Your Spells              Type           Power        Failure   Level  Hunger
a - Infusion              Chrm           ###.         1%          1    None
b - Song of Slaying       Chrm           ###.....     3%          2    ##.....
c - Shroud of Golubria    Chrm/Tloc      ##....       8%          2    ##.....
d - Regeneration          Chrm/Necr      ##........   16%         3    ###....
e - Spectral Weapon       Hex/Chrm       ##......     16%         3    ###....

Your spell library contained the following spells:

 Spells                   Type           Power        Failure   Level  Hunger


Dungeon Overview and Level Annotations

Branches:
Dungeon (3/15)

Altars:

Annotations:
D:3 Sigmund


Innate Abilities, Weirdness & Mutations

Your experience applies equally to all skills.
You have very sharp teeth.
Your uncanny sense of smell can sniff out nearby items.


Message History

You hit something! Something hits you.
Your shroud falls apart!
You hit something. You miss something. Something hits you!
You hit something. You hit something but do no damage.
You hear some strange, mumbled words.
A magic dart appears from out of thin air!
The magic dart hits you.
You hit something. Something closely misses you.
You hit something. You hit something but do no damage. You bite something.
You hear some strange, mumbled words.
A magic dart appears from out of thin air!
The magic dart hits you.
* * * LOW HITPOINT WARNING * * *
You barely miss something. Something hits you but does no damage.
You miss something. Your punch misses something. Your bite misses something.
Something hits you!
You die...

#.# ######
###.######
#..>.......
#.#.#######
#.#.# #.#.#
#.# #)#.#
.. #(#..
#.# #@###
.. #{# #.
#.# .# #.
#.# ....###
#.# .......
#.# ...###
#.# # #.# #
#


You could see a friendly spectral +0 spear.

Vanquished Creatures
  An orc priest (D:3)
  An adder (D:3)
  An ooze (D:3)
  2 worms (D:2)
  2 leopard geckos
  7 orcs (D:3)
  3 bats
  3 giant cockroaches
  4 goblins
  4 hobgoblins
  3 jackals (D:1)
  2 quokkas
  2 ball pythons
  2 frilled lizards (D:1)
  3 kobolds
  4 rats
44 creatures vanquished.

Notes
Turn   | Place    | Note
-------+----------+-------------------------------------------
     0 | D:1      | Ablot the Gnoll Skald began the quest for the Orb.
     0 | D:1      | Reached XP level 1. HP: 20/20 MP: 6/6
    95 | D:1      | Reached XP level 2. HP: 8/26 MP: 0/7
   717 | D:1      | Learned a level 2 spell: Song of Slaying
   720 | D:1      | Learned a level 2 spell: Shroud of Golubria
  1226 | D:2      | Reached skill level 5 in Spellcasting
  1226 | D:2      | Reached XP level 3. HP: 31/31 MP: 0/9
  1699 | D:3      | Reached skill level 1 in Invocations
  1705 | D:3      | Reached skill level 1 in Short Blades
  1705 | D:3      | Reached skill level 1 in Long Blades
  1705 | D:3      | Reached skill level 1 in Axes
  1705 | D:3      | Reached skill level 1 in Maces & Flails
  1705 | D:3      | Reached skill level 1 in Staves
  1705 | D:3      | Reached skill level 1 in Slings
  1705 | D:3      | Reached skill level 1 in Bows
  1705 | D:3      | Reached skill level 1 in Crossbows
  1705 | D:3      | Reached skill level 1 in Throwing
  1705 | D:3      | Reached skill level 1 in Stealth
  1705 | D:3      | Reached skill level 1 in Shields
  1705 | D:3      | Reached skill level 1 in Unarmed Combat
  1705 | D:3      | Reached skill level 1 in Evocations
  1824 | D:3      | Reached XP level 4. HP: 38/38 MP: 11/11
  1850 | D:3      | Learned a level 3 spell: Regeneration
  1854 | D:3      | Learned a level 3 spell: Spectral Weapon
  1880 | D:3      | Reached skill level 1 in Conjurations
  1880 | D:3      | Reached skill level 1 in Hexes
  1880 | D:3      | Reached skill level 1 in Summonings
  1880 | D:3      | Reached skill level 1 in Necromancy
  1880 | D:3      | Reached skill level 1 in Translocations
  1880 | D:3      | Reached skill level 1 in Transmutations
  1880 | D:3      | Reached skill level 1 in Fire Magic
  1880 | D:3      | Reached skill level 1 in Ice Magic
  1880 | D:3      | Reached skill level 1 in Air Magic
  1880 | D:3      | Reached skill level 1 in Earth Magic
  1880 | D:3      | Reached skill level 1 in Poison Magic
  2094 | D:3      | Noticed Sigmund
  2114 | D:3      | Slain by Sigmund

Levels and vault maps discovered:
D:1:      mrwooster_arrival_statue_2, layout_rooms
D:2:      layout_rooms
D:3:      layout_basic, lemuel_doored_altar, uniq_sigmund

Skill      XL: |  1  2  3  4 |
---------------+-------------+-----
Spellcasting   | 5 |  5.1
Invocations    | 1 |  1.3
Short Blades   | 1 |  1.2
Long Blades    | 1 |  1.2
Axes           | 1 |  1.2
Maces & Flails | 1 |  1.2
Staves         | 1 |  1.2
Slings         | 1 |  1.2
Bows           | 1 |  1.2
Crossbows      | 1 |  1.2
Throwing       | 1 |  1.2
Stealth        | 1 |  1.2
Shields        | 1 |  1.2
Unarmed Combat | 1 |  1.2
Evocations     | 1 |  1.2
Conjurations   | 1 |  1.0
Hexes          | 1 |  1.0
Summonings     | 1 |  1.0
Necromancy     | 1 |  1.0
Translocations | 1 |  1.0
Transmutations | 1 |  1.0
Fire Magic     | 1 |  1.0
Ice Magic      | 1 |  1.0
Air Magic      | 1 |  1.0
Earth Magic    | 1 |  1.0
Poison Magic   | 1 |  1.0
Fighting       | |  4.7
Polearms       | |  4.7
Armour         | |  2.8
Dodging        | |  4.7
Charms         | |  5.5

Action                   |  1- 3 |  4- 6 || total
-------------------------+-------+-------++-------
Melee: Spear             |   123 |    35 ||   158
       Bite              |     9 |     3 ||    12
       Punch             |     1 |       ||     1
 Cast: Infusion          |     4 |     1 ||     5
       Shroud of Golubri |     2 |     3 ||     5
       Song of Slaying   |     2 |     1 ||     3
       Regeneration      |       |     2 ||     2
       Spectral Weapon   |       |     2 ||     2
  Use: Scroll            |     1 |       ||     1
 Stab: Sleeping          |     1 |     1 ||     2
  Eat: Chunk             |     3 |     1 ||     4
Armor: Leather armour    |    20 |     2 ||    22
Dodge: Dodged            |    78 |    10 ||    88

Table legend:
 A = Non-vault XP
 B = Vault XP
 C = Vault XP percentage of total XP
 D = Non-vault monster count
 E = Vault monster count
 F = Vault count percentage of total count
                 A         B        C        D         E       F
            +---------+---------+-------+---------+---------+-------
      Total |     148 |       0 |   0.0 |      44 |       0 |   0.0
            +---------+---------+-------+---------+---------+-------
        D:1 |      31 |       0 |   0.0 |      19 |       0 |   0.0
        D:2 |      18 |       0 |   0.0 |       6 |       0 |   0.0
        D:3 |      99 |       0 |   0.0 |      19 |       0 |   0.0
            +---------+---------+-------+---------+---------+-------
